 Dungeon Crawl Stone Soup version 0.29.0-4-gdea44cf6ec (webtiles) character file.

Game seed: 609202168791946171

2 qw the Firebug (level 1, 0/14 HPs)
             Began as a Ghoul Fire Elementalist on Aug 29, 2022.
             Slain by an endoplasm (1 damage)
             ... on level 1 of the Dungeon.
             The game lasted 00:00:09 (173 turns).

qw the Firebug (Ghoul Fire Elementalist)             Turns: 173, Time: 00:00:09

Health: 0/14       AC:  2    Str: 11    XL:     1   Next: 40%
Magic:  2/2        EV: 12    Int: 10    God:
Gold:   0          SH:  0    Dex:  9    Spells: 2/3 levels left

rFire   . . .      SeeInvis .   (no weapon)
rCold   + . .      Faith    .   (no shield)
rNeg    + + +      Spirit   .   a - +0 robe
rPois   inf        Reflect  .   (no helmet)
rElec   .          Harm     .   (no cloak)
rCorr   .          Rampage  .   (no gloves)
Will    .....                   (no boots)
Stlth   ++........              (no amulet)
HPRegen 0.00/turn               (no ring)
MPRegen 0.08/turn               (no ring)

@: inhibited regen
A: claws 1, cold resistance 1, negative energy resistance 3, inhibited
regeneration, torment resistance 2, devour on kill
a: no special abilities


You were on level 1 of the Dungeon.
You visited 1 branch of the dungeon, and saw 1 of its levels.


Innate Abilities, Weirdness & Mutations

You are immune to poison.
You have sharp fingernails.
Your flesh is cold resistant. (rC+)
You are immune to negative energy. (rN+++)
You do not regenerate when monsters are visible.
You are immune to unholy pain and torment.
You thrive by killing the living.


   Skills:
 - Level 1.7 Dodging
 - Level 2.1 Stealth
 + Level 0.9 Unarmed Combat
 - Level 1.7 Spellcasting
 - Level 0.7 Conjurations
 - Level 2.4 Fire Magic


You had 2 spell levels left.
You knew the following spells:

 Your Spells              Type           Power      Damage    Failure   Level
a - Foxfire               Conj/Fire      16%        2x1d4     17%         1

Your spell library contained the following spells:

 Spells                   Type           Power      Damage    Failure   Level
 Scorch                   Fire           10%        2d6       19%         2
 Conjure Flame            Conj/Fire      4%         6-21      45%         3
 Inner Flame              Hex/Fire       3%         N/A       52%         3
 Flame Wave               Conj/Fire      4%         2d5       86%         4

Inventory:

Armour
 a - a +0 robe (worn)
 d - a +0 chain mail
Potions
 b - a potion of magic
 c - a potion of heal wounds {unknown}

Dungeon Overview and Level Annotations

Branches:
Dungeon (1/15)

Altars:

Shops:
D:1 :


Message History

You start resting.
HP restored.
You see here a hobgoblin corpse.
Things that are here:
a +0 club; a goblin corpse A hobgoblin comes into view.
Enter note: The hobgoblin shouts!
An endoplasm comes into view.
You barely miss the hobgoblin. The hobgoblin closely misses you.
You scratch the hobgoblin but do no damage.
The hobgoblin hits you.
You scratch the hobgoblin but do no damage.
The hobgoblin hits you.
You closely miss the hobgoblin. The hobgoblin barely misses you.
You scratch the hobgoblin but do no damage.
The hobgoblin closely misses you.
You barely miss the hobgoblin. The hobgoblin hits you.
You barely miss the hobgoblin. You barely miss the hobgoblin.
The hobgoblin completely misses you.
165 ||| Stepping ~*~*~tactically~*~*~ (outnumbered).
The endoplasm attacks as you move away! The endoplasm barely misses you.
166 ||| Stepping ~*~*~tactically~*~*~ (outnumbered).
The endoplasm attacks as you move away! The endoplasm barely misses you.
167 ||| Stepping ~*~*~tactically~*~*~ (outnumbered).
The endoplasm attacks as you move away! The endoplasm barely misses you.
The hobgoblin attacks as you move away! The hobgoblin hits you.
168 ||| Stepping ~*~*~tactically~*~*~ (outnumbered).
The endoplasm attacks as you move away! The endoplasm barely misses you.
169 ||| Stepping ~*~*~tactically~*~*~ (outnumbered).
The hobgoblin enters a dispersal trap!
The endoplasm blinks! x2; You blink.
The hobgoblin blinks!
You scratch the endoplasm. Your claw misses the endoplasm.
The endoplasm is heavily wounded.
The endoplasm hits you.
You die...

.#....# #.#..........
##........... #####
#.......\..$ #...#
+..........# #.<.#
#..........# #...# #
#..........# #...#
#.#@g........#
####'####.#J.........#
#......##........######..
#.......#................
#.#####.#........########
#. #..#....^...# #.#
#.##........#
#..#+#.##........#
#.......#.......ยค#


You could see an endoplasm and a hobgoblin.

Vanquished Creatures
  A goblin (D:1)
  A hobgoblin (D:1)
2 creatures vanquished.

Notes
Turn   | Place    | Note
-------+----------+-------------------------------------------
     0 | D:1      | qw the Ghoul Fire Elementalist began the quest for the Orb.
     0 | D:1      | Reached XP level 1. HP: 14/14 MP: 2/2
     0 | D:1      | 0 ||| qw: Version: 0.1-a-90-g952f4b7
     0 | D:1      | 0 ||| qw: Game counter: 4009
     0 | D:1      | 0 ||| qw: Always use a shield: true
     0 | D:1      | 0 ||| qw: God list: Okawaru
     0 | D:1      | 0 ||| qw: Allow faded altars: false
     0 | D:1      | 0 ||| qw: Do Orc after D:15 true
     0 | D:1      | 0 ||| qw: Do second Lair branch before Depths: true
     0 | D:1      | 0 ||| qw: Lair rune preference: random
     0 | D:1      | 0 ||| qw: Plans: Normal
     0 | D:1      | 0 ||| PLANNING D:1-11
   146 | D:1      | Found Hesi's Book Emporium.
   162 | D:1      | HP: 3/14 [hobgoblin (4)]
   165 | D:1      | 165 ||| Stepping ~*~*~tactically~*~*~ (outnumbered).
   166 | D:1      | 166 ||| Stepping ~*~*~tactically~*~*~ (outnumbered).
   167 | D:1      | 167 ||| Stepping ~*~*~tactically~*~*~ (outnumbered).
   167 | D:1      | HP: 1/14 [hobgoblin (2)]
   168 | D:1      | 168 ||| Stepping ~*~*~tactically~*~*~ (outnumbered).
   169 | D:1      | 169 ||| Stepping ~*~*~tactically~*~*~ (outnumbered).
   173 | D:1      | Slain by an endoplasm

Levels and vault maps discovered:
D:1:      dpeg_arrival_erosion, layout_basic,
          shapermc_ecumenical_altar_starsandcircs, serial_shops,
          nicolae_diamond_shop, shop, shop, nicolae_shop_advertising_works
          [nicolae_subvault_shop_adworks], nicolae_shop_stone,
          minmay_pentomino_u2

Action                   || total
-------------------------++-------
Melee: Unarmed           ||    17
Armor: Robe              ||     1
Dodge: Dodged            ||    11

Table legend:
 A = Non-vault XP
 B = Vault XP
 C = Vault XP percentage of total XP
 D = Non-vault monster count
 E = Vault monster count
 F = Vault count percentage of total count
                 A         B        C        D         E       F
            +---------+---------+-------+---------+---------+-------
      Total |       4 |       0 |   0.0 |       2 |       0 |   0.0
            +---------+---------+-------+---------+---------+-------
        D:1 |       4 |       0 |   0.0 |       2 |       0 |   0.0
            +---------+---------+-------+---------+---------+-------
